 Dungeon Crawl Stone Soup version 0.25-a0-201-g0bb11aece9 (webtiles) character file.

Game seed: 15175323875789812882, levelgen mode: deterministic

35 MisterFreud the Skirmisher (level 3, 0/18 HPs)
             Began as a Felid Artificer on Dec 2, 2019.
             Slain by a jackal (1 damage)
             ... on level 2 of the Dungeon.
             The game lasted 00:03:42 (2215 turns).

MisterFreud the Skirmisher (Felid Artificer)        Turns: 2215, Time: 00:03:43

Health: 0/18       AC:  1    Str:  8    XL:     3   Next: 17%
Magic:  6/6        EV: 18    Int: 13    God:
Gold:   86         SH:  0    Dex: 16    Spells: 2/2 levels left
                                        Lives:  0   Deaths: 1

rFire    . . .     SeeInvis +     - Unarmed
rCold    . . .     Gourm    .   (shield unavailable)
rNeg     . . .     Faith    .   (armour unavailable)
rPois    .         Spirit   .   (helmet unavailable)
rElec    .         Reflect  .   (cloak unavailable)
rCorr    .         Harm     .   (gloves unavailable)
MR       .....                  (boots unavailable)
Stlth    ++........             (no amulet)
HPRegen  0.06/turn              (no ring)
MPRegen  0.10/turn              (no ring)

@: quick
A: very small, no armour, no weapons or thrown items, stealth, claws 1, fangs 3,
see invisible, carnivore, speed 1, shaggy fur 1, slow metabolism 1, sharp paws
a: no special abilities


You were on level 2 of the Dungeon.
You were full.

You visited 1 branch of the dungeon, and saw 3 of its levels.

You collected 86 gold pieces.

Inventory:

Wands
 a - a wand of flame (11)
 b - a wand of enslavement (15)
 c - a wand of random effects (9)
Scrolls
 e - a scroll of identify
 f - a scroll of enchant weapon
 h - a scroll of amnesia {unknown}
 i - a scroll of remove curse {unknown}
 j - a scroll of enchant armour {unknown}
 l - a scroll of random uselessness {unknown}
Comestibles
 d - 3 rations


   Skills:
 - Level 4.0 Fighting
 + Level 2.8 Dodging
 - Level 1.3 Stealth
 + Level 1.1 Unarmed Combat
 - Level 3.2 Evocations


You had 2 spell levels left.
You didn't know any spells.
Your spell library was empty.

Dungeon Overview and Level Annotations

Branches:
Dungeon (3/15)

Altars:
Dithmenos


Innate Abilities, Weirdness & Mutations

You cannot wear armour.
You are incapable of wielding weapons or throwing items.
Your paws allow you to move quietly. (Stealth)
You have sharp claws.
You have razor-sharp teeth.
You have supernaturally acute eyesight. (SInv)
You are carnivorous and can eat meat at any time.
You cover ground quickly.
You are covered in fur. (AC +1)
You have a slow metabolism.
Your sharp claws are effective at attacking unaware monsters.


Message History

The jackal misses you.
You miss the jackal. You bite the jackal.
You kill the jackal!
You barely miss the rat. You bite the rat.
You kill the rat!
You scratch the jackal but do no damage.
The jackal bites you.
* * * LOW HITPOINT WARNING * * *
The jackal completely misses you.
You scratch the jackal.
You kill the jackal!
The jackal barely misses you.
You miss the jackal. You bite the jackal.
The jackal is lightly wounded.
The jackal completely misses you.
You scratch the jackal but do no damage.
You bite the jackal.
The jackal is moderately wounded.
The jackal closely misses you. The jackal bites you.
You die...

#.......# ##.......#
##........#
#.........#
####.#.....[.#######
..w................#
###.#############.##
#....# #..# ##....#
#@## †÷....# #h#
##....# #gh# #######
#.K## ...# ..## ...#
..# ..


You could see 2 jackals, a goblin and a kobold.

Vanquished Creatures
  2 adders (D:2)
  3 worms (D:2)
  2 dart slugs (D:1)
  A leopard gecko (D:1)
  3 ball pythons (D:1)
  2 giant cockroaches (D:2)
  4 goblins
  3 hobgoblins
  4 jackals (D:2)
  A quokka (D:2)
  7 bats
  4 frilled lizards
  4 kobolds (D:1)
  5 rats
45 creatures vanquished.

Notes
Turn   | Place    | Note
-------+----------+-------------------------------------------
     0 | D:1      | MisterFreud the Felid Artificer began the quest for the
                  | Orb.
     0 | D:1      | Reached XP level 1. HP: 9/9 MP: 4/4
   324 | D:1      | Reached skill level 2 in Fighting
   324 | D:1      | Reached XP level 2. HP: 10/13 MP: 5/5
   910 | D:1      | Reached skill level 3 in Fighting
   949 | D:1      | Reached XP level 3. HP: 14/17 MP: 6/6
  1526 | D:2      | You fall into a shaft and drop 1 floor!
  1526 | D:3      | Found a shadowy altar of Dithmenos.
  2098 | D:2      | Reached XP level 4. HP: 20/22 MP: 7/7
  2134 | D:2      | Reached skill level 4 in Fighting
  2138 | D:2      | HP: 1/22 [poisoned by an adder]
  2138 | D:2      | Slain by an adder
  2139 | D:2      | Reached XP level 3. HP: -2/18 MP: 6/6
  2215 | D:2      | Slain by a jackal

Levels and vault maps discovered:
D:1:      dpeg_arrival_rooms_with_view, layout_basic, serial_curves,
          eino_curves_03, eino_curves_02
D:2:      layout_rooms, uniq_robin
D:3:      layout_loops_ring, brannock_xom_greatest_gift, lemuel_crystal_altar,
          nicolae_overflow_crystal_walls, roderic_serpentine_path

Skill      XL: |  1  2  3  4 |
---------------+-------------+-----
Fighting       | 2 3 4 |  4.0
Dodging        | |  2.8
Stealth        | |  1.3
Unarmed Combat | |  1.1
Evocations     | |  3.2

Action                   |  1- 3 |  4- 6 || total
-------------------------+-------+-------++-------
Melee: Unarmed           |   151 |     5 ||   156
       Bite              |    25 |       ||    25
Evoke: Wand              |     7 |     3 ||    10
  Use: Scroll            |       |     2 ||     2
 Stab: Sleeping          |     7 |       ||     7
       Distracted        |     1 |       ||     1
       Confused          |     1 |       ||     1
  Eat: Chunk             |    13 |       ||    13
Armor: Skin              |     5 |       ||     5
Dodge: Dodged            |   117 |     9 ||   126

Table legend:
 A = Non-vault XP
 B = Vault XP
 C = Vault XP percentage of total XP
 D = Non-vault monster count
 E = Vault monster count
 F = Vault count percentage of total count
                 A         B        C        D         E       F
            +---------+---------+-------+---------+---------+-------
      Total |     107 |       3 |   2.7 |      43 |       2 |   4.4
            +---------+---------+-------+---------+---------+-------
        D:1 |      39 |       3 |   7.1 |      21 |       2 |   8.7
        D:2 |      68 |       0 |   0.0 |      22 |       0 |   0.0
            +---------+---------+-------+---------+---------+-------
